 Dungeon Crawl Stone Soup version 0.28.0-47-ge53b351184 (webtiles) character file.

Game seed: 17678507704537136767

4792 NinjaNoafa the Grappler (level 10, -7/96 HPs)
             Began as a Troll Fighter on May 5, 2022.
             Was a Believer of Wu Jian.
             Mangled by a troll (15 damage)
             ... while paralysed by Erolcha
             ... on level 9 of the Dungeon.
             The game lasted 00:12:20 (6222 turns).

NinjaNoafa the Grappler (Troll Fighter)             Turns: 6222, Time: 00:12:21

Health: -7/96      AC:  8    Str: 26    XL:     10   Next: 24%
Magic:  9/9        EV:  1    Int:  4    God:    Wu Jian [**....]
Gold:   240        SH:  0    Dex: 13    Spells: 9/9 levels left

rFire   . . .      SeeInvis +     - Unarmed
rCold   . . .      Faith    .   b - +1 kite shield
rNeg    . . .      Spirit   .   e - +0 acid dragon scales
rPois   .          Reflect  .   (helmet restricted)
rElec   .          Harm     .   (no cloak)
rCorr   +          Rampage  .   (gloves unavailable)
Will    .....                   (boots unavailable)
Stlth   +.........              (no amulet)
HPRegen 1.06/turn               k - +4 ring of slaying
MPRegen 0.11/turn               n - ring of see invisible

@: paralysed
A: large, unfitting armour, claws 3, regeneration 1, shaggy fur 1, tough skin 1
a: Renounce Religion, Wall Jump


You were on level 9 of the Dungeon.
You worshipped Wu Jian.
Wu Jian was pleased with you.
You visited 2 branches of the dungeon, and saw 10 of its levels.

You collected 300 gold pieces.
You spent 60 gold pieces at shops.

Inventory:

Missiles
 g - 4 boomerangs
 l - 11 poisoned darts (quivered)
 q - 5 boomerangs of dispersal
Armour
 b - a +1 kite shield (worn)
 e - +0 acid dragon scales (worn)
 t - +0 steam dragon scales
Jewellery
 a - a ring of protection from cold
 k - a +4 ring of slaying (left claw)
 n - a ring of see invisible (right claw)
Wands
 f - a wand of charming (10)
 h - a wand of iceblast (10)
 o - a wand of paralysis (7)
Scrolls
 c - 3 scrolls of teleportation
 d - 3 scrolls of vulnerability
 i - a scroll of torment
 j - 2 scrolls of identify
 m - 2 scrolls of magic mapping
 p - a scroll of fog {unknown}
 r - a scroll of blinking
Potions
 s - a potion of curing


   Skills:
 - Level 5.4 Fighting
 + Level 2.8 Armour
 - Level 5.8 Dodging
 - Level 5.4 Shields
 - Level 8.1 Unarmed Combat
 + Level 4.9 Evocations


You had 9 spell levels left.
You didn't know any spells.
Your spell library contained the following spells:

 Spells                   Type           Power      Damage    Failure   Level
 Foxfire                  Conj/Fire      0%         2x1d4     83%         1
 Slow                     Hex            0%         N/A       83%         1
 Confusing Touch          Hex            0%         N/A       99%         3
 Conjure Flame            Conj/Fire      0%         6-21      99%         3
 Inner Flame              Hex/Fire       0%         N/A       99%         3
 Vampiric Draining        Necr           0%         2d6       99%         3
 Flame Wave               Conj/Fire      0%         2d4       100%        4


Dungeon Overview and Level Annotations

Branches:
Dungeon (9/15)             Temple (1/1) D:6            Lair (0/6) D:8
    Orc: D:9-12

Altars:
Ashenzari
Cheibriados
Dithmenos
Gozag
Kikubaaqudgha
Makhleb
Nemelex Xobeh
Okawaru
Qazlal
Ru
Sif Muna
Trog
Uskayaw
Vehumet
Wu Jian
Xom
Yredelemnul
Zin

Shops:
D:2 =:   D:8 !

Annotations:
D:9 Erolcha


Innate Abilities, Weirdness & Mutations

You are too large for most types of armour.
You have claws for hands.
Your natural rate of healing is unusually fast.
You are covered in fur. (AC +1)
You have tough skin. (AC +1)


Message History

You feel sick.
A troll comes into view.
The steam dragon closely misses you. You block the steam dragon's attack.
You barely miss the steam dragon.
The steam dragon is almost dead.
You feel sick. The steam dragon bites you.
The steam dragon claws you but does no damage.
You claw the steam dragon!
You kill the steam dragon!
The Council accepts your kill.
The steam dragon scales are intact enough to wear.
You feel sick.
A troll is nearby!
You feel sick.
Erolcha the Cunning comes into view.
She is wielding a +0 giant spiked club and carrying a wand of paralysis (2).
Things that are here:
+0 steam dragon scales; a steam dragon corpse t - +0 steam dragon scales You feel sick.
You are no longer poisoned.
Erolcha shouts!
You completely miss the troll. You block the troll's attack. x2
The troll claws you!
You mangle the troll!!
The troll is severely wounded.
The troll bites you! The troll claws you but does no damage.
You block the troll's attack.
You closely miss the troll.
The troll is severely wounded.
The troll bites you. You block the troll's attack. x2
Erolcha tries to grin evilly.
Erolcha zaps a wand.
You suddenly lose the ability to move!
The troll bites you!
* * * LOW HITPOINT WARNING * * *
The troll claws you!
* * * LOW HITPOINT WARNING * * *
The troll claws you!
* * * LOW HITPOINT WARNING * * *
The troll bites you!
You die...

# ##.# # ...
#... # #.# #.#
..... # #.# #.#
.##... #.# #.#
##.# #.# #.#
#.) #.# #.# ###
#.# #T#
#.###@#####..
###...††O......
#....##........
.. #
#.#.#########.#
. # #.#.# . #
#.#.# # #.#.. #
#.### # #.#


You could see Erolcha and a troll.

Vanquished Creatures
  Prince Ribbit (D:5)
  A steam dragon (D:9)
  Menkaure (D:5)
  Edmund (D:4)
  4 water moccasins
  An acid dragon (D:8)
  An orc warrior (D:9)
  3 black bears
  2 necrophages (D:6)
  4 ogres
  3 phantoms
  Blork the orc (D:5)
  2 kobold brigands
  A bullfrog (D:8)
  A gnoll sergeant (D:9)
  2 scorpions
  10 killer bees
  9 wights
  A howler monkey (D:6)
  4 crimson imps (D:5)
  3 centaur zombies
  3 jellies
  2 gnoll shamans
  A hound (D:7)
  An orc priest (D:3)
  2 bullfrog skeletons
  2 iguanas (D:6)
  4 orc wizards
  3 killer bee zombies
  A hound skeleton (D:5)
  2 howler monkey zombies
  7 adders
  11 gnolls
  3 shadow imps
  A white imp (D:6)
  2 ufetubi
  4 worms
  2 dart slugs
  22 orcs
  5 ball pythons
  11 endoplasms
  7 giant cockroaches
  8 goblins
  12 hobgoblins
  5 quokkas
  6 bats
  21 kobolds
  3 rats
207 creatures vanquished.

Vanquished Creatures (collateral kills)
  A gnoll (D:5)
1 creature vanquished.

Vanquished Creatures (others)
  A kobold demonologist (D:9)
  A fungus (D:8)
  A plant (D:8)
3 creatures vanquished.

Grand Total: 211 creatures vanquished

Notes
Turn   | Place    | Note
-------+----------+-------------------------------------------
     0 | D:1      | NinjaNoafa the Troll Fighter began the quest for the Orb.
     0 | D:1      | Reached XP level 1. HP: 22/22 MP: 0/0
   123 | D:1      | Reached XP level 2. HP: 29/29 MP: 1/1
   704 | D:2      | Reached XP level 3. HP: 36/36 MP: 2/2
   835 | D:2      | Found Poax's Book Shoppe.
  1010 | D:2      | Reached skill level 3 in Unarmed Combat
  1083 | D:2      | Found Amipot's Jewellery Boutique.
  1104 | D:2      | Reached XP level 4. HP: 44/44 MP: 3/3
  1448 | D:3      | Found a faded altar of an unknown god.
  1529 | D:3      | Reached XP level 5. HP: 35/53 MP: 4/4
  1851 | D:4      | Noticed a phantom
  1858 | D:4      | Killed a phantom
  1859 | D:4      | Reached skill level 4 in Unarmed Combat
  1879 | D:4      | Reached XP level 6. HP: 61/61 MP: 5/5
  2014 | D:4      | Noticed Edmund
  2022 | D:4      | Killed Edmund
  2165 | D:4      | Reached skill level 5 in Unarmed Combat
  2165 | D:4      | Reached XP level 7. HP: 68/68 MP: 6/6
  2695 | D:5      | Entered Level 5 of the Dungeon
  2695 | D:5      | Found a radiant altar of Vehumet.
  2736 | D:5      | Reached skill level 6 in Unarmed Combat
  2740 | D:5      | Reached XP level 8. HP: 41/78 MP: 7/7
  2823 | D:5      | Noticed Prince Ribbit
  2837 | D:5      | Killed Prince Ribbit
  2895 | D:5      | Noticed Blork the orc
  2904 | D:5      | Killed Blork the orc
  2943 | D:5      | Found a sparkling altar of Nemelex Xobeh.
  3019 | D:5      | Found a shadowy altar of Dithmenos.
  3056 | D:5      | Found a shimmering altar of Xom.
  3063 | D:5      | Reached skill level 7 in Unarmed Combat
  3099 | D:5      | Noticed Menkaure
  3104 | D:5      | Killed Menkaure
  3447 | D:6      | Reached skill level 5 in Fighting
  3487 | D:6      | Reached skill level 5 in Shields
  3487 | D:6      | Reached XP level 9. HP: 88/88 MP: 8/8
  3535 | D:6      | Found a staircase to the Ecumenical Temple.
  3537 | D:6      | Reached skill level 5 in Dodging
  3547 | Temple   | Entered the Ecumenical Temple
  3600 | Temple   | Became a worshipper of the Wu Jian Council
  4151 | D:6      | Reached skill level 8 in Unarmed Combat
  4527 | D:7      | Reached * piety under Wu Jian
  4700 | D:7      | Found a glowing silver altar of Zin.
  4854 | D:7      | Reached skill level 1 in Evocations
  4943 | D:8      | Found Jastrem's Distillery.
  4963 | D:8      | Bought a potion of heal wounds for 60 gold pieces
  5153 | D:8      | Found a staircase to the Lair.
  5153 | D:8      | Noticed a death yak
  5154 | D:8      | Noticed an elephant
  5734 | D:9      | Reached ** piety under Wu Jian
  5884 | D:9      | Noticed a kobold demonologist
  5892 | D:9      | Killed a kobold demonologist
  5893 | D:9      | Reached skill level 1 in Armour
  5893 | D:9      | Reached XP level 10. HP: 94/96 MP: 9/9
  6215 | D:9      | Noticed Erolcha
  6220 | D:9      | Paralysed by Erolcha for 5 turns
  6222 | D:9      | Mangled by a troll

Illustrated notes

Levels and vault maps discovered:
D:1:      dpeg_arrival_pits, layout_loops_ring
D:2:      layout_basic, serial_shops, nicolae_shop_hallway_plus, shop,
          minmay_indecisive_spiral
D:3:      layout_rooms, dreamdust_ecumenical_altar_grove, grunt_decor_fettered
D:4:      nicolae_BIG_FREAKIN_CUBE, layout_cave_pools, uniq_edmund
D:5:      layout_rooms, led_xom_imps, overflow_temple_1_default,
          nicolae_overflow_hidden_temple, lemuel_tele_altar, uniq_menkaure,
          uniq_prince_ribbit1, uniq_blork_the_orc
D:6:      layout_basic, minmay_temple_entry_hall
D:7:      layout_basic, mainiacjoe_overflow_six_doors_small,
          amcnicky_mini_pool_small
D:8:      layout_basic, gammafunk_temple_overflow_wave, david_lair_generic,
          serial_corexii_hall, chequers_hall_statues_corner_a,
          corexii_hall_statues_x, corexii_hall_statues_x,
          chequers_hall_statues_y, chequers_hall_statues_y,
          corexii_hall_statues_l, serial_shops, nicolae_shop_statue_plus,
          glass_columns_b
D:9:      layout_loops_ring, st_stairs_3, uniq_erolcha
Temple:   cyrus_circular_temple

Skill      XL: |  1  2  3  4  5  6  7  8  9 10 |
---------------+-------------------------------+-----
Unarmed Combat | 3 4 5 6 7 8 |  8.1
Fighting       | 3 4 5 |  5.4
Dodging        | 3 4 5 |  5.8
Shields        | 3 4 5 |  5.4
Evocations     | 4 |  4.9
Armour         | 1 2 |  2.8

Action                   |  1- 3 |  4- 6 |  7- 9 | 10-12 || total
-------------------------+-------+-------+-------+-------++-------
Melee: Unarmed           |   107 |   114 |   260 |    61 ||   542
Throw: Boomerang         |       |    19 |    17 |     7 ||    43
       Dart              |       |       |       |     7 ||     7
Invok: Lunge             |       |       |    18 |     6 ||    24
       Whirlwind         |       |       |    13 |     2 ||    15
 Abil: Wall Jump         |       |       |     1 |       ||     1
Evoke: Wand              |       |       |     2 |     1 ||     3
  Use: Potion            |       |     8 |     6 |       ||    14
       Scroll            |       |       |    13 |       ||    13
 Stab: Sleeping          |     1 |       |     1 |       ||     2
       Distracted        |       |       |     1 |       ||     1
Armor: Robe              |    46 |    33 |    27 |       ||   106
       Acid dragon scale |       |       |    18 |    17 ||    35
Dodge: Dodged            |    57 |    43 |    99 |    39 ||   238
Block: Kite shield       |    49 |    40 |   112 |    48 ||   249
